 Dungeon Crawl Stone Soup version 0.30-a0-939-gc8157cb160 (webtiles) character file.

Game seed: 6596194446094136971

1628652 bakla the Hand of Fortune (level 25, 219/219 HPs)
             Began as a Demonspawn Monk on Mar 25, 2023.
             Was the Champion of Nemelex Xobeh.
             Escaped with the Orb
             ... and 3 runes on Mar 26, 2023!
             The game lasted 03:29:25 (70821 turns).

bakla the Hand of Fortune (Demonspawn Monk)        Turns: 70821, Time: 03:29:25

Health: 219/219    AC: 44    Str: 29    XL:     25   Next: 74%
Magic:  40/40      EV: 18    Int: 22    God:    Nemelex Xobeh [******]
Gold:   2037       SH: 20    Dex: 17    Spells: 24/24 levels left

rFire   + + .      SeeInvis +    w - +18 lance "Wyrmbane" {slay drac, rPois rF+ rC+ AC+3}
rCold   + + +      Faith    .    p - +5 kite shield {rC+}
rNeg    . . .      Spirit   +    b - +9 scales of the Dragon King {rPois rF+ rC+ Will+}
rPois   +          Reflect  .    (no helmet)
rElec   .          Rampage  .    i - +3 cloak of the Komodo Dragon {Will+ Dex+3}
rCorr   .                        T - +2 pair of gloves
Will    ++++.                    (boots unavailable) Stlth
                                 h - amulet of regeneration
HPRegen 1.36/turn                f - +6 ring of strength
MPRegen 0.54/turn                J - ring of Twilight {rC+ Will+ Int+4 SInv}

@: studying 2 skills, repel missiles
A: hooves 3, repulsion field 3, demonic guardian 3, magic shield, magic
regeneration, corrupting presence 2, word of chaos, claws 1, clever 1,
deterioration 1, poison resistance, strong 1
0: Orb of Zot
}: 3/15 runes: serpentine, barnacled, silver
a: Word of Chaos, Renounce Religion, Draw Escape, Draw Destruction, Draw
Summoning, Draw Stack, Triple Draw, Deal Four, Stack Five


You escaped.
You worshipped Nemelex Xobeh.
Nemelex Xobeh was exalted by your worship.
You visited 10 branches of the dungeon, and saw 48 of its levels.
You visited the Abyss 1 time.
You visited 1 bazaar.
You also visited: Volcano.

You collected 7367 gold pieces.
You spent 5330 gold pieces at shops.

Inventory:

Hand Weapons
 w - the +18 lance "Wyrmbane" (weapon) {slay drac, rPois rF+ rC+ AC+3}
   (You took it off Maggie on level 7 of the Dungeon)

   AC:        It affects your AC (+3).
   rF:        It protects you from fire.
   rC:        It protects you from cold.
   rPois:     It protects you from poison.
Missiles
 l - 23 javelins (quivered)
 y - 8 throwing nets
 C - 21 curare-tipped darts
Armour
 b - the +9 scales of the Dragon King (worn) {rPois rF+ rC+ Will+}
   (You bought it in a shop on level 3 of the Elven Halls)

   rF:        It protects you from fire.
   rC:        It protects you from cold.
   rPois:     It protects you from poison.
   Will:      It increases your willpower.
 i - the +3 cloak of the Komodo Dragon (worn) {Will+ Dex+3}
   (You bought it in a shop on level 3 of the Vaults)

   Dex:       It affects your dexterity (+3).
   Will:      It increases your willpower.
 p - a +5 kite shield of cold resistance (worn)
 r - a +2 helmet
 T - a +2 pair of gloves (worn)
Jewellery
 f - a +6 ring of strength (left hand)
 h - an amulet of regeneration (around neck)
 x - the amulet "Kayzohosch" {Spirit +Inv SInv}
   (You took it off a deep elf demonologist on level 3 of the Elven Halls)

   [amulet of guardian spirit]

   It causes incoming damage to be divided between your reserves of health and
   magic.
   SInv:      It lets you see invisible.
   +Inv:      It lets you turn invisible.
 G - the amulet of Iffag {Reflect rPois rF- Str+8 SH+5}
   (You took it off a deep elf annihilator on level 3 of the Elven Halls)

   [amulet of reflection]

   It reflects blocked missile attacks.
   Str:       It affects your strength (+8).
   rF:        It makes you vulnerable to fire.
   rPois:     It protects you from poison.
   SH:        It affects your SH (+5).
 H - an amulet of faith
 I - the ring "Xevaim" {MP+9 Dex+2}
   (You found it on level 3 of the Depths)

   [ring of magical power]

   Dex:       It affects your dexterity (+2).
   MP:        It affects your magic capacity (+9).
 J - the ring of Twilight (right hand) {rC+ Will+ Int+4 SInv}
   (You acquired it on level 4 of the Lair of Beasts)

   [ring of see invisible]

   Int:       It affects your intelligence (+4).
   rC:        It protects you from cold.
   SInv:      It lets you see invisible.
   Will:      It increases your willpower.
 K - an amulet of the acrobat
 L - a +4 ring of protection
 Y - a ring of willpower
Wands
 v - a wand of digging (12)
 D - a wand of iceblast (43)
 E - a wand of light (39)
Scrolls
 a - 15 scrolls of fog
 d - 2 scrolls of torment
 k - 11 scrolls of blinking
 m - 8 scrolls of vulnerability
 o - a scroll of amnesia
 t - 3 scrolls of poison
 u - a scroll of noise
 A - 5 scrolls of fear
 O - 5 scrolls of enchant armour
 R - 16 scrolls of teleportation
 U - 30 scrolls of identify
 V - 2 scrolls of silence
 W - 4 scrolls of summoning
 Z - 4 scrolls of immolation
Potions
 c - 11 potions of attraction
 e - 8 potions of flight
 g - 2 potions of ambrosia
 j - 3 potions of invisibility
 n - 3 potions of mutation
 q - 6 potions of cancellation
 s - 3 potions of magic
 B - 9 potions of haste
 F - 11 potions of brilliance
 M - 17 potions of curing
 N - 15 potions of lignification
 Q - a potion of might
 S - 4 potions of heal wounds
Miscellaneous
 z - a condenser vane
 X - a phial of floods


   Skills:
 + Level 22.4 Fighting
 - Level 12.0 Polearms
 - Level 21.0 Armour
 - Level 16.9 Dodging
 - Level 1.7 Stealth
 - Level 19.0 Shields
 O Level 27 Invocations


You had 24 spell levels left.
You didn't know any spells.
Your spell library contained the following spells:

 Spells                   Type           Power      Damage    Failure   Level
 Apportation              Tloc           0%         N/A       94%         1
 Beastly Appendage        Tmut           0%         N/A       94%         1
 Foxfire                  Conj/Fire      0%         2x1d4     94%         1
 Kiss of Death            Conj/Necr      0%         2d5       94%         1
 Necrotise                Necr           0%         1d4       94%         1
 Summon Small Mammal      Summ           0%         N/A       94%         1
 Ensorcelled Hibernation  Hex/Ice        0%         N/A       98%         2
 Lesser Beckoning         Tloc           0%         N/A       98%         2
 Passwall                 Tmut/Erth      0%         N/A       98%         2
 Scorch                   Fire           0%         2d5       98%         2
 Sublimation of Blood     Necr           0%         N/A       98%         2
 Wereblood                Tmut           0%         N/A       98%         2
 Call Canine Familiar     Summ           0%         N/A       100%        3
 Frozen Ramparts          Ice            0%         1d1       100%        3
 Gell's Gravitas          Tloc           0%         N/A       100%        3
 Ignite Poison            Fire/Tmut/Pois 0%         N/A       100%        3
 Inner Flame              Hex/Fire       0%         N/A       100%        3
 Ozocubu's Armour         Ice            0%         N/A       100%        3
 Portal Projectile        Hex/Tloc       0%         N/A       100%        3
 Spider Form              Tmut/Pois      0%         N/A       100%        3
 Stone Arrow              Conj/Erth      0%         3d7       100%        3
 Summon Guardian Golem    Hex/Summ       0%         N/A       100%        3
 Swiftness                Air            0%         N/A       100%        3
 Teleport Other           Tloc           0%         N/A       100%        3
 Tukima's Dance           Hex            0%         N/A       100%        3
 Anguish                  Hex/Necr       0%         N/A       100%        4
 Animate Dead             Necr           0%         N/A       100%        4
 Cause Fear               Hex            0%         N/A       100%        4
 Flame Wave               Conj/Fire      0%         2d4       100%        4
 Ice Form                 Ice/Tmut       0%         N/A       100%        4
 Iskenderun's Mystic Bla  Conj/Tloc      0%         2d3       100%        4
 Leda's Liquefaction      Hex/Erth       0%         N/A       100%        4
 Manifold Assault         Tloc           0%         N/A       100%        4
 Passage of Golubria      Tloc           0%         N/A       100%        4
 Petrify                  Tmut/Erth      0%         N/A       100%        4
 Sticky Flame             Conj/Fire      0%         2d3       100%        4
 Summon Ice Beast         Ice/Summ       0%         N/A       100%        4
 Summon Lightning Spire   Summ/Air       0%         N/A       100%        4
 Alistair's Intoxication  Tmut/Pois      0%         N/A       100%        5
 Blade Hands              Tmut           0%         N/A       100%        5
 Borgnjor's Vile Clutch   Necr/Erth      0%         N/A       100%        5
 Fireball                 Conj/Fire      0%         3d3       100%        5
 Freezing Cloud           Conj/Ice/Air   0%         6-21      100%        5
 Irradiate                Conj/Tmut      0%         3d11      100%        5
 Metabolic Englaciation   Hex/Ice        0%         N/A       100%        5
 Summon Forest            Summ/Tloc      0%         N/A       100%        5
 Summon Mana Viper        Hex/Summ       0%         N/A       100%        5
 Yara's Violent Unravell  Hex/Tmut       0%         3d3       100%        5
 Death Channel            Necr           0%         N/A       100%        6
 Dispersal                Tloc           0%         N/A       100%        6
 Eringya's Noxious Bog    Tmut/Pois      0%         N/A       100%        6
 Simulacrum               Ice/Necr       0%         N/A       100%        6
 Starburst                Conj/Fire      0%         6d3       100%        6
 Statue Form              Tmut/Erth      0%         N/A       100%        6
 Summon Cactus Giant      Summ           0%         N/A       100%        6
 Enfeeble                 Hex            0%         N/A       100%        7
 Haunt                    Necr/Summ      0%         N/A       100%        7
 Malign Gateway           Summ/Tloc      0%         N/A       100%        7
 Monstrous Menagerie      Summ           0%         N/A       100%        7
 Orb of Destruction       Conj           0%         9d5       100%        7
 Ozocubu's Refrigeration  Ice            0%         4d7       100%        7
 Spellforged Servitor     Conj/Summ      0%         N/A       100%        7
 Storm Form               Tmut/Air       0%         N/A       100%        7
 Summon Hydra             Summ           0%         N/A       100%        7
 Discord                  Hex            0%         N/A       100%        8
 Disjunction              Tloc           0%         N/A       100%        8
 Ignition                 Fire           0%         3d3       100%        8
 Infestation              Necr           0%         N/A       100%        8
 Maxwell's Capacitive Co  Air            0%         ∞         100%        8
 Summon Horrible Things   Summ           0%         N/A       100%        8
 Chain Lightning          Conj/Air       0%         N/A       100%        9
 Polar Vortex             Ice            0%         N/A       100%        9


Dungeon Overview and Level Annotations

Branches:
Dungeon (15/15)            Temple (1/1) D:5            Lair (5/5) D:9
 Shoals (4/4) Lair:3        Snake (4/4) Lair:2        Slime (0/5) Lair:4
    Orc (2/2) D:9             Elf (3/3) Orc:2        Vaults (5/5) D:13
  Crypt (0/3) Vaults:3     Depths (4/4) D:15            Zot (5/5) Depths:4
Volcano (visited)

Altars:
Ashenzari
Cheibriados
Dithmenos
Fedhas
Gozag
Hepliaklqana
Kikubaaqudgha
Makhleb
Nemelex Xobeh
Okawaru
Qazlal
Ru
Sif Muna
Trog
Uskayaw
Vehumet
Wu Jian
Xom
Yredelemnul
Jiyva

Shops:
D:13 [   Orc:2 :!((   Elf:3 [*   Shoals:3 *   Snake:3 [   Vaults:3 ::*!
Vaults:5 (   Depths:1 *=::   Depths:4 *(*??

Portals:
Hell: Depths:1 Depths:2 Depths:3 Depths:4
Abyss: Depths:3
Pandemonium: Depths:2
Ziggurat: Depths:1

Annotations:
D:2 Terence
D:5 1 runed translucent door, Crazy Yiuf, Dowan, Duvessa
Lair:4 exclusion: ice statue
Shoals:1 1 runed translucent door, Qobluxtent's ghost, adept GnDe
Elf:2 3 runed translucent doors
Depths:2 3 runed translucent doors, Paecviu's ghost, adept TrMo
Zot:1 4 transporters
Zot:2 exclusion: 2 upstairs
Zot:3 exclusion: 2 upstairs
Zot:4 exclusion: 2 upstairs
Zot:5 exclusion: 2 upstairs


Innate Abilities, Weirdness & Mutations

You have hooves in place of feet.
You are surrounded by a strong repulsion field. (EV +4, RMsl)
A powerful demonic guardian rushes to your aid.
When hurt, damage is shared between your health and your magic reserves.
You regenerate magic rapidly.
Your presence sometimes corrodes or deforms those you injure.
You can speak a Word of Chaos.
You have sharp fingernails.
Your mind is acute. (Int +4, Str/Dex -1)
Your body sometimes deteriorates upon taking damage.
Your system is resistant to poisons. (rPois)
Your muscles are strong. (Str +4, Int/Dex -1)


Message History

You kick the Orb Guardian, but do no damage.
The Orb Guardian is almost dead.
The Orb Guardian hits you!
You impale the Orb Guardian!!
You kill the Orb Guardian!
(D) Dungeon (T) Temple (L) Lair (A) Shoals (P) Snake Pit (M) Slime Pits (O) Orcish Mines (E) Elven Halls (V) Vaults (C) Crypt (U) Depths (H) Hell (Z) Zot
Where to? (Enter - D:1 @ (x,y), ? - help) Magic restored.
HP restored.
An orange demon comes into view.
There is a stone staircase leading up here.
You climb upwards.
There is a stone staircase leading down here.
(D) Dungeon (T) Temple (L) Lair (A) Shoals (P) Snake Pit (M) Slime Pits (O) Orcish Mines (E) Elven Halls (V) Vaults (C) Crypt (U) Depths (H) Hell (Z) Zot
Where to? (Enter - D:1 @ (x,y), ? - help)
There is an open door here.
You see here 2 stones.
There is a stone staircase leading up here.
You climb upwards.
There is a stone staircase leading down here.
You open the door.
There is an open door here.
There is an open door here.
There is a stone staircase leading up here.
You climb upwards.
Level annotation: Terence
There is a stone staircase leading down here.
There is a stone staircase leading up here.
You climb upwards.
There is a stone staircase leading down here.
You see here a +0 short sword.
There is an open door here.
There is a staircase leading out of the dungeon here.
You have escaped!

#.....................#
#.##
#####################.#
#..###
##.......#########)#
#.....
#....###...........#
#.....
#....########.########
#.)... #....#.### #.#
###.# #.....
#....##..####'####..##
###'##
##'######..'...'..### #.#
#.# ####.@.#### #.## #.#
###..'...'..### #..#
#####.#
##..####'####..########.#
..)...###.### #.#
###.##....... ########.##
#.### ##.#....... ###
#...#####.........
###..............#
#########......# #......#


There were no monsters in sight!

Vanquished Creatures
  3 ancient liches (Zot:5)
  5 orbs of fire (Zot:5)
  A dread lich (Vaults:5)
  A juggernaut (Depths:2)
  5 Killer Klowns (Zot:5)
  Bai Suzhen (Vaults:4)
  Vv (Depths:2)
  Vashnia (Snake:4)
  Saint Roka (Snake:2)
  6 golden dragons
  Nikola (Snake:1)
  the Enchantress (Depths:2)
  A profane servitor (Abyss:3)
  A hellephant (Abyss:3)
  8 bone dragons
  An electric golem (Zot:5)
  A walking earthen tome (Depths:3)
  15 tentacled monstrosities
  21 Orb Guardians
  Asterion (Elf:2)
  5 liches
  A walking frostbound tome (Depths:3)
  2 titans (Vaults:5)
  3 quicksilver dragons
  A kraken (Shoals:2)
  3 deep elf master archers (Elf:3)
  5 death cobs
  6 sphinxes
  16 tentacled starspawn
  Kirke (Snake:4)
  10 shadow dragons
  7 storm dragons
  7 draconian monks
  3 tengu reavers
  8 fire giants
  A nagaraja (Snake:4)
  2 azure jellies (Zot:5)
  8 frost giants
  2 emperor scorpions (Zot:5)
  9 deep elf sorcerers
  4 draconian knights
  4 ghost moths
  14 vault wardens
  8 draconian scorchers
  An orc warlord (Vaults:2)
  An angel (Abyss:3)
  3 deep elf elementalists
  2 draconian shifters
  4 draconian annihilators
  6 spriggan defenders
  3 war gargoyles
  4 draconian stormcallers
  21 ironbound preservers
  9 green draconians
  17 very ugly things
  2 vampire knights
  3 ironbound thunderhulks
  18 stone giants
  A minotaur (Zot:5)
  8 deep elf demonologists (Elf:3)
  8 black draconians
  5 deep elf annihilators
  6 dire elephants
  10 white draconians
  12 spark wasps
  6 red draconians
  9 purple draconians
  A blizzard demon (Depths:4)
  6 yellow draconians
  5 ettins
  7 deep elf death magi
  11 yaktaur captains
  7 fire dragons
  4 merfolk impalers (Shoals:4)
  2 entropy weavers (Vaults:4)
  3 merfolk javelineers
  9 deep elf high priests
  6 great orbs of eyes
  Harold (D:10)
  Fannar (D:11)
  2 salamander tyrants (Snake:4)
  3 rakshasas (Abyss:3)
  8 ice dragons
  4 hydras
  37 vault guards
  A spriggan zombie (Abyss:2)
  10 ironbound frosthearts
  2 merfolk avatars
  6 spriggan air magi
  10 anacondas
  A radroach (Shoals:4)
  2 centaur warriors
  3 catoblepae
  4 boulder beetles
  A satyr (Shoals:3)
  3 two-headed ogres
  A death knight (Abyss:2)
  3 death yaks
  2 ogre magi
  An alligator (Elf:3)
  A two-headed ogre (shapeshifter) (Vaults:3)
  A merfolk aquamancer (Shoals:4)
  2 vampire magi
  An alligator (shapeshifter) (Elf:3)
  4 tengu warriors
  13 naga warriors
  Urug (Lair:4)
  4 spriggan berserkers
  12 naga sharpshooters
  4 deep troll earth magi
  3 deep troll shamans
  17 dancing weapons
  9 shock serpents
  An orc high priest (Elf:1)
  A hell knight (Depths:4)
  Amaemon (Lair:3)
  7 thrashing horrors
  11 deep elf knights
  11 salamander mystics
  2 sun demons
  2 skysharks (Shoals:2)
  11 wretched stars
  3 iron trolls
  A shadow wraith (Abyss:3)
  2 spatial maelstroms (Abyss:3)
  2 sixfirhies
  17 sea snakes
  A swamp dragon (Elf:3)
  An orb spider (Depths:4)
  51 deep trolls
  2 death drakes
  2 glowing orange brains
  6 deep elf archers
  A death drake (shapeshifter) (Vaults:5)
  17 ironbound convokers
  15 deep elf zephyrmancers
  5 naga ritualists
  5 wizards
  10 lindwurms
  35 harpies
  7 phantasmal warriors
  14 mana vipers
  5 necromancers
  7 orc knights
  23 deep elf pyromancers
  A steelbarb worm (Elf:2)
  A stone giant zombie (Vaults:5)
  A salamander (shapeshifter) (Snake:4)
  An orc sorcerer (Snake:2)
  A wolf spider (shapeshifter) (Vaults:5)
  19 manticores
  26 ugly things
  7 fauns
  A shining eye (Depths:4)
  7 cyclopes
  18 salamanders
  A sphinx skeleton (Vaults:2)
  7 worldbinders
  16 moths of wrath
  A centaur zombie (Abyss:2)
  A torpor snail (Zot:5)
  9 merfolk sirens
  A frost giant skeleton (Vaults:5)
  A black mamba (shapeshifter) (D:15)
  An eye of devastation (Zot:5)
  9 guardian serpents
  Maurice (D:8)
  37 black mambas
  A rust devil (Abyss:2)
  2 human skeletons
  19 vault sentinels
  14 water nymphs
  A cane toad (shapeshifter) (Depths:3)
  13 naga magi
  6 smoke demons
  A demonic crawler (Abyss:2)
  An apocalypse crab (Abyss:3)
  Maggie (D:7)
  7 orange demons
  2 gargoyles
  A kobold demonologist (D:13)
  5 cane toads
  A tormentor (Abyss:2)
  8 komodo dragons
  30 yaktaurs
  3 efreet
  A rime drake (Lair:3)
  2 unseen horrors
  A hellion (Abyss:3)
  2 tengu conjurers
  A freezing wraith (Vaults:3)
  8 ancient zymes
  4 red devils (D:10)
  12 trolls
  A hellwing (Abyss:3)
  9 wind drakes
  9 polar bears
  A queen bee (shapeshifter) (Vaults:5)
  A tyrant leech (Snake:1)
  4 hornets
  A sphinx simulacrum (Vaults:1)
  18 raiju
  A shadow dragon simulacrum (Vaults:5)
  23 merfolk
  13 snapping turtles
  13 dream sheep
  42 slime creatures
  5 flying skulls (Abyss:3)
  10 blink frogs
  2 shadows
  2 stone giant simulacra
  A centaur simulacrum (Abyss:3)
  5 wraiths
  An air elemental (Abyss:3)
  3 wyverns
  9 water elementals
  2 vampires
  4 spriggans
  5 hogs
  25 yaks
  8 ynoxinuls
  4 fire elementals (Depths:2)
  Eustachio (D:5)
  3 basilisks
  7 fire bats (Volcano)
  20 starcursed masses
  A redback (shapeshifter) (Vaults:5)
  8 vampire mosquitoes
  2 chaos spawn (Abyss:3)
  4 neqoxecs
  A redback (Elf:2)
  A steam dragon (D:8)
  Menkaure (D:7)
  An elf simulacrum (Vaults:5)
  2 human simulacra
  A naga (shapeshifter) (Vaults:5)
  11 wargs
  37 nagas
  2 spatial vortices (Abyss:3)
  7 hydra simulacra (Depths:2)
  21 large abominations
  17 water moccasins
  11 hell hounds (Lair:5)
  2 floating eyes
  10 black bears
  2 acid dragons
  18 orc warriors
  10 ice beasts
  9 ogres
  22 small abominations
  A tengu (Snake:3)
  30 wolves
  7 boggarts
  17 centaurs
  A phantom (D:6)
  A kobold brigand (D:8)
  13 bullfrogs
  A gnoll sergeant (D:12)
  A scorpion (shapeshifter) (Vaults:5)
  An earth elemental (Abyss:1)
  A glowing shapeshifter simulacrum (Vaults:1)
  9 scorpions
  5 wights
  11 killer bees
  4 howler monkeys
  11 electric eels
  6 lava snakes (Volcano)
  2 quasits
  3 hounds
  13 orc priests
  5 iron imps
  2 jellies
  A sleepcap (D:7)
  An iguana (D:6)
  11 orc wizards
  11 gnolls
  6 adders
  A river rat (Orc:1)
  2 shadow imps (Abyss:2)
  6 white imps
  4 ufetubi
  3 worms
  3 dart slugs
  62 orcs
  8 ball pythons
  8 bats
  10 endoplasms
  2 giant cockroaches
  8 goblins
  6 hobgoblins
  4 jackals (D:1)
  9 kobolds
  2 quokkas
  6 frilled lizards
  5 rats
  5 lurking horrors
  19 starspawn tentacles
  3 tentacles (Shoals:2)
2003 creatures vanquished.

Vanquished Creatures (collateral kills)
  2 juggernauts (Depths:3)
  An electric golem (Zot:5)
  An Orb Guardian (Zot:5)
  A deep elf blademaster (Elf:3)
  A deep elf master archer (Elf:3)
  2 tentacled starspawn (Abyss:3)
  A kraken (Shoals:1)
  A shadow dragon (Vaults:5)
  A tengu reaver (Depths:4)
  The ghost of Viatuli the Severer, a journeyman MiFi of Okawaru (Shoals:2)
  A frost giant (Depths:2)
  A deep elf sorcerer (Elf:3)
  Aizul (Snake:4)
  A deep elf elementalist (Elf:3)
  A very ugly thing (Abyss:3)
  A draconian annihilator (Zot:3)
  A deep elf demonologist (Elf:3)
  A black draconian (Zot:5)
  A dire elephant (Zot:5)
  2 deep elf annihilators (Elf:3)
  A green death (Abyss:3)
  An ettin (Depths:4)
  A fire dragon (Depths:2)
  A merfolk impaler (Depths:4)
  2 deep elf high priests (Elf:3)
  A rakshasa (Abyss:3)
  2 great orbs of eyes
  A spriggan air mage (Depths:1)
  A radroach (Depths:4)
  A vault guard (Vaults:4)
  A peacekeeper (Vaults:4)
  A centaur warrior (Shoals:1)
  3 hydras
  A merfolk avatar (Shoals:4)
  An alligator snapping turtle (Shoals:4)
  2 deep troll shamans
  An orc high priest (Elf:1)
  A satyr (Shoals:4)
  2 thrashing horrors (Abyss:3)
  A spriggan berserker (Depths:2)
  A deep elf knight (Elf:2)
  2 shock serpents (Snake:4)
  A wretched star (Abyss:3)
  A spatial maelstrom (Abyss:3)
  A sea snake (shapeshifter) (Snake:4)
  A skyshark (Lair:5)
  A naga ritualist (Snake:1)
  A steelbarb worm (Snake:4)
  2 deep trolls
  2 lindwurms (Snake:4)
  2 harpies
  4 starcursed masses (Abyss:3)
  2 deep elf zephyrmancers (Elf:2)
  A necromancer (Vaults:2)
  2 orc knights (Orc:2)
  3 deep elf pyromancers
  2 wolf spiders (Lair:2)
  2 orc sorcerers (Elf:1)
  A manticore (Depths:4)
  A worldbinder (Abyss:3)
  A will-o-the-wisp (Abyss:3)
  A salamander (Snake:4)
  A moth of wrath (Depths:4)
  A naga mage (Snake:4)
  2 water nymphs
  An eye of devastation (Snake:4)
  A cane toad (Lair:5)
  4 large abominations (Abyss:3)
  A yaktaur (Vaults:1)
  2 orange demons (D:10)
  3 ancient zymes (Abyss:3)
  A polar bear (Lair:5)
  A hornet (Depths:1)
  4 merfolk (Shoals:4)
  3 blink frogs (Lair:5)
  A tarantella (Snake:4)
  3 raiju (Abyss:3)
  7 dream sheep (Lair:5)
  2 water elementals (Depths:4)
  A basilisk (Snake:4)
  6 yaks (Lair:5)
  A human (Depths:4)
  A neqoxec (Abyss:3)
  2 wargs (Lair:5)
  A swamp worm (Depths:4)
  2 water moccasins
  4 hell hounds (Lair:5)
  5 black bears
  A sky beast (Snake:4)
  16 orc warriors (Orc:2)
  An ogre (Snake:4)
  6 centaurs (Orc:2)
  7 wolves
  A phantom (D:7)
  A glowing shapeshifter simulacrum (Vaults:2)
  A gnoll sergeant (D:7)
  3 wights (D:6)
  A killer bee (D:7)
  2 gnoll boudas (D:7)
  An orc wizard (D:6)
  A mummy (D:7)
  9 gnolls (D:7)
  10 orcs
  A goblin (D:7)
  A starspawn tentacle (Abyss:3)
  2 tentacles
210 creatures vanquished.

Vanquished Creatures (others)
  A naga mage (Snake:1)
  A raiju (Abyss:3)
  A dream sheep (Depths:1)
  2 blocks of ice (Elf:2)
  2 foxfires (Abyss:3)
  83 fungi
  218 plants
  35 starspawn tentacles
  7 tentacles
350 creatures vanquished.

Grand Total: 2563 creatures vanquished

Notes
Turn   | Place    | Note
-------+----------+-------------------------------------------
     0 | D:1      | bakla the Demonspawn Monk began the quest for the Orb.
     0 | D:1      | Reached XP level 1. HP: 18/18 MP: 1/1
   123 | D:1      | Gained mutation: You are surrounded by a mild repulsion
                  | field. (EV +2) [demonic ancestry]
   123 | D:1      | Reached XP level 2. HP: 24/24 MP: 2/2
   263 | D:1      | You fall into a shaft and drop 1 floor!
   417 | D:2      | Reached skill level 1 in Armour
   425 | D:2      | Gained mutation: You are surrounded by a moderate repulsion
                  | field. (EV +3) [demonic ancestry]
   425 | D:2      | Reached XP level 3. HP: 7/29 MP: 3/3
   779 | D:2      | Noticed Terence
  2277 | D:2      | Gained mutation: You regenerate magic rapidly. [demonic
                  | ancestry]
  2277 | D:2      | Reached XP level 4. HP: 35/35 MP: 4/4
  3774 | D:3      | Gained mutation: You have large cloven feet. [demonic
                  | ancestry]
  3774 | D:3      | Reached XP level 5. HP: 35/42 MP: 5/5
  4449 | D:4      | Found a basalt altar of Yredelemnul.
  4492 | D:4      | Noticed an ogre
  4508 | D:4      | Killed an ogre
  4509 | D:4      | Gained mutation: A weak demonic guardian rushes to your
                  | aid. [demonic ancestry]
  4509 | D:4      | Reached XP level 6. HP: 48/48 MP: 6/6
  4987 | D:5      | Entered Level 5 of the Dungeon
  4988 | D:5      | Noticed Eustachio
  4990 | D:5      | Noticed Dowan
  5057 | D:5      | Noticed an ice beast
  5064 | D:5      | Killed an ice beast
  5118 | D:5      | Noticed Duvessa
  5430 | D:5      | Killed Eustachio
  5431 | D:5      | Reached XP level 7. HP: 51/55 MP: 7/7
  5516 | D:5      | Found a staircase to the Ecumenical Temple.
  5528 | Temple   | Entered the Ecumenical Temple
  5656 | Temple   | Became a worshipper of Nemelex Xobeh the Trickster
  5656 | Temple   | Reached * piety under Nemelex Xobeh
  5656 | Temple   | Received a gift from Nemelex Xobeh
  5656 | Temple   | Received a gift from Nemelex Xobeh
  5656 | Temple   | Reached ** piety under Nemelex Xobeh
  5755 | D:5      | Found a runed translucent door.
  5756 | D:5      | Noticed Crazy Yiuf
  5921 | D:6      | Reached skill level 5 in Fighting
  6049 | D:6      | Reached skill level 1 in Invocations
  6319 | D:6      | Reached skill level 2 in Invocations
  6454 | D:6      | Reached XP level 8. HP: 33/60 MP: 9/9
  6916 | D:6      | Reached skill level 5 in Polearms
  6916 | D:6      | Reached skill level 5 in Dodging
  6926 | D:6      | Reached skill level 3 in Invocations
  7316 | D:6      | Received a gift from Nemelex Xobeh
  7337 | D:6      | Found a shimmering altar of Xom.
  7337 | D:6      | Found a shimmering altar of Xom.
  7338 | D:6      | Found a shimmering altar of Xom.
  7390 | D:6      | Reached *** piety under Nemelex Xobeh
  7516 | D:7      | Reached skill level 4 in Invocations
  7590 | D:7      | Gained mutation: When hurt, damage is shared between your
                  | health and your magic reserves. [demonic ancestry]
  7590 | D:7      | Reached XP level 9. HP: 56/69 MP: 12/12
  7595 | D:7      | Reached skill level 5 in Invocations
  7630 | D:7      | Noticed Menkaure
  7636 | D:7      | Killed Menkaure
  7637 | D:7      | Reached skill level 5 in Armour
  7654 | D:7      | Noticed Maggie
  7686 | D:8      | Noticed Maurice
  7945 | D:8      | Received a gift from Nemelex Xobeh
  8301 | D:7      | Reached skill level 6 in Invocations
  8380 | D:7      | Killed Maggie
  9284 | D:8      | Killed Maurice
  9285 | D:8      | Reached skill level 7 in Invocations
  9285 | D:8      | Gained mutation: A demonic guardian rushes to your aid.
                  | [demonic ancestry]
  9285 | D:8      | Reached XP level 10. HP: 79/79 MP: 15/15
  9609 | D:9      | Noticed a boulder beetle
  9667 | D:9      | Killed a boulder beetle
  9668 | D:9      | Reached skill level 8 in Invocations
  9925 | D:9      | Received a gift from Nemelex Xobeh
 10134 | D:9      | Found a staircase to the Lair.
 10312 | D:9      | Gained mutation: You are surrounded by a strong repulsion
                  | field. (EV +4, RMsl) [demonic ancestry]
 10312 | D:9      | Reached XP level 11. HP: 87/87 MP: 17/17
 10346 | D:9      | Found a staircase to the Orcish Mines.
 10595 | D:10     | Entered Level 10 of the Dungeon
 10606 | D:10     | Reached **** piety under Nemelex Xobeh
 10622 | D:10     | Noticed a two-headed ogre
 10635 | D:10     | Killed a two-headed ogre
 10725 | D:10     | Reached skill level 9 in Invocations
 10901 | D:10     | Noticed Harold
 10923 | D:10     | Killed Harold
 11400 | D:10     | Received a gift from Nemelex Xobeh
 11410 | D:10     | Found a bloodstained altar of Trog.
 11478 | D:10     | Reached skill level 10 in Invocations
 11994 | Lair:1   | Entered Level 1 of the Lair of Beasts
 12199 | Lair:1   | Received a gift from Nemelex Xobeh
 12461 | Lair:1   | Received a gift from Nemelex Xobeh
 12550 | Lair:1   | Reached ***** piety under Nemelex Xobeh
 13028 | Lair:2   | Reached XP level 12. HP: 96/96 MP: 19/19
 13369 | Lair:2   | Noticed a four-headed hydra
 13374 | Lair:2   | Killed a four-headed hydra
 13467 | Lair:2   | Reached skill level 11 in Invocations
 13486 | Lair:2   | Found a staircase to the Snake Pit.
 13605 | Lair:2   | Reached skill level 10 in Fighting
 13658 | Lair:2   | Received a gift from Nemelex Xobeh
 13663 | Lair:2   | Identified the +0 robe of Defence {Int+2}
 14391 | Lair:3   | Received a gift from Nemelex Xobeh
 14405 | Lair:3   | Found a staircase to the Shoals.
 14474 | Lair:3   | Noticed Amaemon
 14479 | Lair:3   | Killed Amaemon
 14480 | Lair:3   | Reached skill level 12 in Invocations
 14527 | Lair:3   | Reached skill level 10 in Polearms
 14963 | Lair:3   | Reached skill level 13 in Invocations
 15348 | Lair:4   | Found a staircase to the Slime Pits.
 15359 | Lair:4   | Found a viscous altar of Jiyva.
 15390 | Lair:4   | Received a gift from Nemelex Xobeh
 15396 | Lair:4   | Noticed a catoblepas
 15409 | Lair:4   | Killed a catoblepas
 15410 | Lair:4   | Gained mutation: You have hoof-like feet. [demonic
                  | ancestry]
 15410 | Lair:4   | Reached XP level 13. HP: 103/103 MP: 21/23
 15760 | Lair:4   | Noticed Sonja
 15761 | Lair:4   | Sonja changed into Sonja the hog
 15761 | Lair:4   | Noticed Sonja
 15779 | Lair:4   | Killed Sonja the hog
 15814 | Lair:4   | Noticed Nessos
 15825 | Lair:4   | Nessos changed into Nessos the dream sheep
 15825 | Lair:4   | Noticed Nessos
 15837 | Lair:4   | Killed Nessos the dream sheep
 16017 | Lair:4   | Noticed Urug
 16044 | Lair:4   | Killed Urug
 16045 | Lair:4   | Reached skill level 14 in Invocations
 16140 | Lair:4   | Received a gift from Nemelex Xobeh
 16173 | Lair:4   | Reached ****** piety under Nemelex Xobeh
 16449 | Lair:4   | Received a gift from Nemelex Xobeh
 16754 | Lair:4   | Identified a scroll of acquirement
 16754 | Lair:4   | Acquired the ring of Twilight {rC+ Will+ Int+4 SInv}
 16923 | Lair:5   | Entered Level 5 of the Lair of Beasts
 17025 | Lair:5   | Reached skill level 15 in Invocations
 17397 | Lair:5   | Received a gift from Nemelex Xobeh
 17499 | Lair:5   | Identified the -1 long sword "Tiqijeoq" {heavy, rN+ Str+4
                  | Dex-5}
 17877 | Lair:5   | Reached XP level 14. HP: 104/111 MP: 22/25
 18006 | Lair:5   | Received a gift from Nemelex Xobeh
 18091 | Lair:5   | Reached skill level 10 in Dodging
 18339 | Lair:5   | Received a gift from Nemelex Xobeh
 18976 | D:11     | Received a gift from Nemelex Xobeh
 18981 | D:11     | Noticed Fannar
 18984 | D:11     | Killed Fannar
 19113 | D:11     | Acquired 506 gold pieces
 19441 | D:12     | Received a gift from Nemelex Xobeh
 19803 | D:12     | Reached skill level 16 in Invocations
 19951 | D:12     | Received a gift from Nemelex Xobeh
 20659 | D:13     | Received a gift from Nemelex Xobeh
 20763 | D:13     | Found a gate to the Vaults.
 20768 | D:13     | Reached skill level 10 in Armour
 20785 | D:13     | Found Tyotud's Armour Shoppe.
 21008 | D:13     | Acquired 911 gold pieces
 21139 | D:13     | Received a gift from Nemelex Xobeh
 21242 | D:14     | Found a shadowy altar of Dithmenos.
 21637 | D:14     | Received a gift from Nemelex Xobeh
 21902 | D:15     | Entered Level 15 of the Dungeon
 22401 | D:15     | Found a staircase to the Depths.
 22611 | D:15     | Received a gift from Nemelex Xobeh
 23054 | Orc:1    | Entered Level 1 of the Orcish Mines
 23070 | Orc:1    | Received a gift from Nemelex Xobeh
 23147 | Orc:1    | Found a dark tunnel.
 23153 | Orc:1    | Reached skill level 17 in Invocations
 23167 | Volcano  | Entered a volcano
 23386 | Volcano  | a red draconian changed into an emperor scorpion
 23386 | Volcano  | Noticed an emperor scorpion
 23388 | Volcano  | an emperor scorpion changed into a sea snake
 23395 | Volcano  | Gained mutation: Your presence sometimes corrodes those you
                  | injure. [demonic ancestry]
 23395 | Volcano  | Reached XP level 15. HP: 120/120 MP: 27/27
 23501 | Volcano  | Found a radiant altar of Vehumet.
 23536 | Volcano  | Found a radiant altar of Vehumet.
 23852 | Orc:2    | Entered Level 2 of the Orcish Mines
 23852 | Orc:2    | Found Feut's Weapon Emporium.
 23987 | Orc:2    | Identified the +2 long sword of Peatt {flame, rN+ Will+
                  | Str-2 SInv}
 24013 | Orc:2    | Found Foch's Distillery.
 24013 | Orc:2    | Found Yserr's Book Emporium.
 24018 | Orc:2    | Found Sesmen's Assorted Antiques.
 24020 | Orc:2    | Found Unuitiur's Weapon Boutique.
 24257 | Orc:2    | Found a staircase to the Elven Halls.
 24476 | Orc:2    | Paralysed by an ogre mage for 3 turns
 24567 | Orc:2    | Received a gift from Nemelex Xobeh
 24866 | Orc:2    | Bought a potion of cancellation for 88 gold pieces
 24866 | Orc:2    | Bought a potion of cancellation for 88 gold pieces
 24866 | Orc:2    | Bought a potion of mutation for 88 gold pieces
 24866 | Orc:2    | Bought a potion of haste for 110 gold pieces
 24996 | Snake:1  | Entered Level 1 of the Snake Pit
 25001 | Snake:1  | Noticed Nikola
 25014 | Snake:1  | Killed Nikola
 25015 | Snake:1  | Reached skill level 1 in Shields
 25541 | Snake:1  | Reached skill level 18 in Invocations
 26088 | Snake:1  | Received a gift from Nemelex Xobeh
 26507 | Snake:2  | Received a gift from Nemelex Xobeh
 26523 | Snake:2  | Noticed Saint Roka
 26539 | Snake:2  | Killed Saint Roka
 27683 | Snake:3  | Received a gift from Nemelex Xobeh
 27875 | Snake:3  | Reached skill level 5 in Shields
 27927 | Snake:3  | Gained mutation: You have hooves in place of feet. [demonic
                  | ancestry]
 27927 | Snake:3  | Reached XP level 16. HP: 110/131 MP: 29/29
 28084 | Snake:3  | Reached skill level 19 in Invocations
 28645 | Snake:3  | Received a gift from Nemelex Xobeh
 29099 | Snake:3  | Received a gift from Nemelex Xobeh
 29148 | Snake:3  | Found Upeumi Omau's Antique Armour Shop.
 29577 | Snake:4  | Entered Level 4 of the Snake Pit
 29592 | Snake:4  | Noticed Aizul
 29618 | Snake:4  | Killed Aizul
 30890 | Snake:4  | Reached skill level 20 in Invocations
 30918 | Snake:4  | Got a serpentine rune of Zot
 31134 | Snake:4  | Received a gift from Nemelex Xobeh
 31148 | Snake:4  | Noticed Kirke
 31150 | Snake:4  | Reached skill level 15 in Fighting
 31245 | Snake:4  | Identified the -2 hand axe "Isit" {heavy, rF++ Int+4 Dex-4}
 31246 | Snake:4  | Killed Kirke
 31435 | Snake:4  | Noticed Vashnia
 31446 | Snake:4  | Killed Vashnia
 31794 | Snake:4  | Received a gift from Nemelex Xobeh
 31953 | Snake:4  | Gained mutation: Your presence sometimes corrodes or
                  | deforms those you injure. [demonic ancestry]
 31953 | Snake:4  | Reached XP level 17. HP: 137/142 MP: 31/31
 32080 | Snake:4  | Reached skill level 10 in Shields
 33000 | Shoals:1 | Entered Level 1 of the Shoals
 33004 | Shoals:1 | Found a runed translucent door.
 33015 | Shoals:1 | Noticed Qobluxtent's ghost (adept GnDe)
 33053 | Shoals:1 | Found a flickering gateway to a bazaar.
 33069 | Bazaar   | Entered a bazaar
 33089 | Bazaar   | Found Hedurisk's Antique Weapon Emporium.
 33089 | Bazaar   | Found Icvoujip's Antique Weapon Shoppe.
 33111 | Bazaar   | Found Elucvoocoa's General Store.
 33127 | Bazaar   | Found Cieckif's Distillery.
 33132 | Bazaar   | Bought a potion of heal wounds for 45 gold pieces
 33132 | Bazaar   | Bought a potion of mutation for 72 gold pieces
 33143 | Bazaar   | Found Duraimish's Assorted Antiques.
 33148 | Bazaar   | Bought a wand of light (5) for 588 gold pieces
 33148 | Bazaar   | Bought a potion of cancellation for 224 gold pieces
 33148 | Bazaar   | Bought a scroll of enchant armour for 210 gold pieces
 33193 | Shoals:1 | Received a gift from Nemelex Xobeh
 33630 | Shoals:1 | Received a gift from Nemelex Xobeh
 33849 | Shoals:1 | Noticed a kraken
 33860 | Shoals:1 | Killed a kraken
 34380 | Shoals:2 | Found a runed translucent door.
 34388 | Shoals:2 | Noticed Viatuli's ghost (journeyman MiFi)
 34432 | Shoals:2 | Killed Viatuli's ghost
 34779 | Shoals:2 | Received a gift from Nemelex Xobeh
 35121 | Shoals:2 | Noticed a kraken
 35154 | Shoals:2 | Killed a kraken
 35356 | Shoals:3 | Found Laokk's General Store.
 35601 | Shoals:3 | Identified the +0 trident "Ugrearu" {pain, rPois Str+4}
 35622 | Shoals:3 | Bought a potion of heal wounds for 65 gold pieces
 36349 | Shoals:3 | Received a gift from Nemelex Xobeh
 36559 | Shoals:4 | Entered Level 4 of the Shoals
 37326 | Shoals:3 | Reached XP level 18. HP: 83/149 MP: 19/32
 39325 | Shoals:4 | Got a barnacled rune of Zot
 39364 | Shoals:4 | Received a gift from Nemelex Xobeh
 39919 | Elf:1    | Entered Level 1 of the Elven Halls
 40442 | Elf:1    | Received a gift from Nemelex Xobeh
 40569 | Elf:1    | Identified the +0 plate armour of Fun and Games {-Tele
                  | rPois SInv}
 41295 | Elf:2    | Identified the staff of death "Umuox" {rN+ SInv}
 41447 | Elf:2    | Noticed Asterion
 41460 | Elf:2    | Killed Asterion
 41746 | Elf:2    | Received a gift from Nemelex Xobeh
 42059 | Elf:2    | Found a runed translucent gate.
 42060 | Elf:2    | Found a runed translucent gate.
 42060 | Elf:2    | Found a runed translucent gate.
 42268 | Elf:3    | Entered Level 3 of the Elven Halls
 42335 | Elf:3    | Reached XP level 19. HP: 117/145 MP: 27/33
 42832 | Elf:3    | Found Seon's Assorted Antiques.
 42839 | Elf:3    | Received a gift from Nemelex Xobeh
 42841 | Elf:3    | Bought a potion of might for 84 gold pieces
 42841 | Elf:3    | Bought a scroll of enchant armour for 157 gold pieces
 42841 | Elf:3    | Bought a scroll of teleportation for 63 gold pieces
 42844 | Elf:3    | Found Veitely's Armour Shoppe.
 42850 | Elf:3    | Bought the +9 scales of the Dragon King {rPois rF+ rC+
                  | Will+} for 1872 gold pieces
 42850 | Elf:3    | Found the +9 scales of the Dragon King {rPois rF+ rC+
                  | Will+}
 43127 | Elf:3    | Received a gift from Nemelex Xobeh
 43210 | Elf:3    | Identified the +6 hand axe of the Immovable Leylines
                  | {freeze, SInv}
 43222 | Elf:3    | Identified the +1 trident of Wov Coyrch {vamp, rCorr Str+3
                  | Int-3}
 43570 | Elf:3    | Identified the amulet "Kayzohosch" {Spirit +Inv SInv}
 43624 | Elf:3    | Identified the amulet of Iffag {Reflect rPois rF- Str+8
                  | SH+5}
 43860 | Elf:3    | Identified the +5 scale mail of the Ace of Swords {rElec}
 43886 | Elf:3    | Identified the staff of earth "Xiucw" {rElec rPois rC+
                  | Str+3}
 43978 | Elf:3    | Identified the ring of Xom's Flight of Fancy {rElec rC+
                  | Int+5 Dex+3}
 44460 | Elf:3    | Got the Catalogue of the Winter and Bruises
 44483 | Elf:3    | Identified the staff of fire "Sirha" {Fly rElec rF+ Str-4}
 44567 | Elf:3    | Got the Compilation of Friendly Combat Magic
 44609 | Elf:3    | Identified the +9 shortbow of the Hierophant {flame, rC+
                  | Will+ Str+3}
 44611 | Elf:3    | Got Gairuc's Catalogue of Transforming Ensorcelling
 45081 | Vaults:1 | Entered Level 1 of the Vaults
 45150 | Vaults:1 | You fall into a shaft and drop 1 floor!
 45412 | Vaults:2 | Received a gift from Nemelex Xobeh
 46364 | Vaults:2 | Received a gift from Nemelex Xobeh
 46656 | Vaults:2 | Reached XP level 20. HP: 127/170 MP: 34/34
 47111 | Vaults:3 | Found Kuetae Bibo's Book Shop.
 47396 | Vaults:3 | Reached skill level 15 in Dodging
 47415 | Vaults:3 | Received a gift from Nemelex Xobeh
 47851 | Vaults:3 | Reached skill level 15 in Armour
 47911 | Vaults:3 | Found Feuddag's Book Shoppe.
 48017 | Vaults:3 | Found Kavics's Assorted Antiques.
 48025 | Vaults:3 | Bought a slimy cloak for 199 gold pieces
 48025 | Vaults:3 | Identified the +3 cloak of the Komodo Dragon {Will+ Dex+3}
                  | (You bought it in a shop on level 3 of the Vaults)
 48388 | Vaults:3 | Received a gift from Nemelex Xobeh
 48432 | Vaults:3 | Found Muimix's Distillery.
 48440 | Vaults:3 | Bought a potion of haste for 120 gold pieces
 48440 | Vaults:3 | Bought a potion of might for 48 gold pieces
 48440 | Vaults:3 | Bought a potion of heal wounds for 60 gold pieces
 48440 | Vaults:3 | Bought a potion of heal wounds for 60 gold pieces
 49001 | Vaults:3 | Found a staircase to the Crypt.
 49002 | Vaults:3 | Received a gift from Nemelex Xobeh
 49419 | Vaults:4 | Noticed Bai Suzhen
 49439 | Vaults:4 | Killed Bai Suzhen
 49673 | Vaults:4 | Received a gift from Nemelex Xobeh
 49911 | Vaults:4 | Received a gift from Nemelex Xobeh
 50150 | Vaults:4 | Noticed Zenata
 50170 | Vaults:4 | Zenata changed into Zenata the dire elephant
 50170 | Vaults:4 | Noticed Zenata
 50654 | Vaults:4 | Received a gift from Nemelex Xobeh
 50929 | Vaults:4 | Killed Zenata the dire elephant
 50930 | Vaults:4 | Reached XP level 21. HP: 179/180 MP: 35/35
 51410 | Vaults:1 | Received a gift from Nemelex Xobeh
 51440 | Vaults:1 | Identified the +2 long sword "Xihor" {flame, Will+ Dex+3}
 51471 | Vaults:1 | Reached skill level 21 in Invocations
 51865 | Vaults:1 | Received a gift from Nemelex Xobeh
 52812 | Depths:1 | Entered Level 1 of the Depths
 52914 | Depths:1 | Reached skill level 22 in Invocations
 53373 | Depths:1 | Received a gift from Nemelex Xobeh
 53602 | Depths:1 | Found a one-way gateway to a ziggurat.
 53924 | Depths:1 | Found Pahiory's Assorted Antiques.
 53932 | Depths:1 | Bought a scroll of fog for 164 gold pieces
 54013 | Depths:1 | Reached skill level 23 in Invocations
 54058 | Depths:1 | Received a gift from Nemelex Xobeh
 54099 | Depths:1 | Found Bonnish's Jewellery Boutique.
 54099 | Depths:1 | Found Idierome's Book Shoppe.
 54100 | Depths:1 | Found Qoigegh's Book Shoppe.
 54331 | Depths:1 | Found a hide-covered altar of Uskayaw.
 54429 | Depths:1 | Found a gateway to Hell.
 54500 | Depths:2 | Noticed the Enchantress
 54511 | Depths:2 | Killed the Enchantress
 54662 | Depths:2 | You fall into a shaft and drop 2 floors!
 54662 | Depths:4 | Entered Level 4 of the Depths
 54712 | Depths:4 | Identified the +2 trident "Beastbane" {heavy, rPois}
 54740 | Depths:4 | Reached skill level 24 in Invocations
 55098 | Depths:4 | Received a gift from Nemelex Xobeh
 55184 | Depths:4 | Found Gyaduetu's Assorted Antiques.
 55201 | Depths:4 | Bought a scroll of magic mapping for 292 gold pieces
 55201 | Depths:4 | Bought a scroll of fog for 156 gold pieces
 55211 | Depths:4 | Found Fowire's Magic Scroll Shoppe.
 55220 | Depths:4 | Bought 2 scrolls of blinking for 270 gold pieces
 55220 | Depths:4 | Bought a scroll of enchant armour for 135 gold pieces
 55220 | Depths:4 | Bought a scroll of fog for 72 gold pieces
 55317 | Depths:4 | Noticed a golden dragon
 55330 | Depths:4 | Killed a golden dragon
 55509 | Depths:4 | Noticed a golden dragon
 55538 | Depths:4 | Killed a golden dragon
 55543 | Depths:4 | Reached skill level 25 in Invocations
 55709 | Depths:4 | Found Ydom's Magic Scroll Shop.
 55766 | Depths:4 | Identified the ring "Reer" {rF+ rC+ Int+6}
 55873 | Depths:4 | Found Ydghieb's Antique Weapon Shop.
 56120 | Depths:4 | Found a gate to the Realm of Zot.
 56235 | Depths:4 | Found Goideaf's General Store.
 56347 | Depths:3 | Received a gift from Nemelex Xobeh
 56362 | Depths:3 | Noticed a juggernaut
 56668 | Depths:3 | Killed a juggernaut
 56669 | Depths:3 | Reached XP level 22. HP: 171/187 MP: 36/38
 56819 | Depths:3 | Reached skill level 26 in Invocations
 56883 | Depths:3 | Identified the ring "Xevaim" {MP+9 Dex+2}
 56960 | Depths:3 | Noticed a juggernaut
 56971 | Depths:3 | Killed a juggernaut
 56978 | Depths:3 | Noticed a golden dragon
 56988 | Depths:3 | Killed a golden dragon
 57169 | Depths:3 | Received a gift from Nemelex Xobeh
 57575 | Depths:3 | Received a gift from Nemelex Xobeh
 57674 | Depths:3 | Found a one-way gate to the infinite horrors of the Abyss.
 57715 | Depths:3 | Identified the +0 spear of Eternal Vigilance {spect, *Noise
                  | rC+++}
 58041 | Depths:3 | Reached skill level 27 in Invocations
 58087 | Depths:3 | Identified the +3 war axe "Ameapp" {drain, rElec rN+ Str+2
                  | Dex+3}
 58326 | Depths:2 | Noticed Vv
 58334 | Depths:2 | Killed Vv
 58393 | Depths:2 | Received a gift from Nemelex Xobeh
 58476 | Depths:2 | Received a gift from Nemelex Xobeh
 59091 | Depths:3 | Voluntarily entered the Abyss.
 59146 | Abyss:1  | Found a corrupted altar of Lugonu.
 59201 | Abyss:1  | Found a corrupted altar of Lugonu.
 59224 | Abyss:1  | Received a gift from Nemelex Xobeh
 59281 | Abyss:1  | Found a corrupted altar of Lugonu.
 59304 | Abyss:1  | Found a corrupted altar of Lugonu.
 59385 | Abyss:1  | Received a gift from Nemelex Xobeh
 60244 | Abyss:2  | Received a gift from Nemelex Xobeh
 60456 | Abyss:3  | Found a corrupted altar of Lugonu.
 60868 | Abyss:3  | Received a gift from Nemelex Xobeh
 61338 | Abyss:3  | Gained mutation: A powerful demonic guardian rushes to your
                  | aid. [demonic ancestry]
 61338 | Abyss:3  | Reached XP level 23. HP: 137/194 MP: 34/40
 61818 | Abyss:3  | Gained mutation: You passively map a small area around you.
                  | [a neqoxec]
 61820 | Abyss:3  | Gained mutation: You are weak. (Str -2) [a neqoxec]
 62008 | Abyss:3  | Received a gift from Nemelex Xobeh
 62084 | Abyss:3  | Gained mutation: You are frail. (-10% HP) [a neqoxec]
 62086 | Abyss:3  | Gained mutation: You occasionally lose the ability to drink
                  | potions when taking damage. [a neqoxec]
 62089 | Abyss:3  | Gained mutation: You are dopey. (Int -2) [a neqoxec]
 62090 | Depths:3 | Escaped the Abyss
 62278 | Depths:3 | Lost mutation: You are dopey. (Int -2) [potion of mutation]
 62278 | Depths:3 | Lost mutation: You occasionally lose the ability to drink
                  | potions when taking damage. [potion of mutation]
 62278 | Depths:3 | Lost mutation: You passively map a small area around you.
                  | [potion of mutation]
 62278 | Depths:3 | Gained mutation: You expend magic power (3 MP) to
                  | strengthen your wands. [potion of mutation]
 62278 | Depths:3 | Gained mutation: You have hidden genetic potential. [potion
                  | of mutation]
 62279 | Depths:3 | Lost mutation: You are weak. (Str -2) [potion of mutation]
 62279 | Depths:3 | Lost mutation: You are frail. (-10% HP) [potion of
                  | mutation]
 62279 | Depths:3 | Gained mutation: You have great hidden genetic potential.
                  | [potion of mutation]
 62279 | Depths:3 | Gained mutation: Your spells are a little easier to cast,
                  | but a little less powerful. [potion of mutation]
 62279 | Depths:3 | Gained mutation: You have a pair of small antennae on your
                  | head. [potion of mutation]
 62406 | Depths:2 | Noticed a juggernaut
 62425 | Depths:2 | Killed a juggernaut
 62625 | Depths:2 | Found a one-way gate leading to the halls of Pandemonium.
 62682 | Depths:2 | Found a runed translucent gate.
 62683 | Depths:2 | Found a runed translucent gate.
 62683 | Depths:2 | Found a runed translucent gate.
 62683 | Depths:2 | Noticed Paecviu's ghost (adept TrMo)
 63070 | Vaults:5 | Entered Level 5 of the Vaults
 63162 | Vaults:5 | Found Bolouh's Weapon Shoppe.
 63162 | Vaults:5 | Identified the +2 robe of Nocadgh {Dex+5}
 63617 | Vaults:5 | Identified the +5 morningstar of Impeachment {venom, rElec
                  | rF+ rCorr}
 63661 | Vaults:5 | Gained mutation: You can speak a Word of Chaos. [demonic
                  | ancestry]
 63661 | Vaults:5 | Reached XP level 24. HP: 125/182 MP: 39/40
 63917 | Vaults:5 | Noticed a dread lich
 63936 | Vaults:5 | Killed a dread lich
 63968 | Vaults:5 | Identified the +2 battleaxe of Xuxu Zuqi {flame, rF+ Str+5}
 64210 | Vaults:5 | Identified the +0 cloak of Panentheism {Regen+}
 64462 | Vaults:5 | Got a silver rune of Zot
 64723 | Vaults:5 | Received a gift from Nemelex Xobeh
 65122 | Zot:1    | Entered Level 1 of the Realm of Zot
 65156 | Zot:1    | Reached skill level 15 in Shields
 65294 | Zot:1    | Gained mutation: You are resistant to electric shocks.
                  | (rElec) [hidden potential]
 65553 | Zot:1    | Found a transporter.
 65572 | Zot:1    | Found a transporter.
 65572 | Zot:1    | Received a gift from Nemelex Xobeh
 65763 | Zot:1    | Found a transporter.
 65784 | Zot:1    | Found a transporter.
 65993 | Zot:1    | Received a gift from Nemelex Xobeh
 67344 | Zot:5    | Entered Level 5 of the Realm of Zot
 67882 | Zot:5    | Reached XP level 25. HP: 196/214 MP: 37/40
 68693 | Zot:5    | Noticed an orb of fire
 68699 | Zot:5    | Gained mutation: Armour fits poorly on your strangely
                  | shaped body. [an orb of fire]
 68714 | Zot:5    | Killed an orb of fire
 68851 | Zot:5    | Noticed a Killer Klown
 68869 | Zot:5    | Killed a Killer Klown
 68978 | Zot:5    | Noticed an ancient lich
 68999 | Zot:5    | Killed an ancient lich
 69225 | Zot:5    | Noticed a Killer Klown
 69236 | Zot:5    | Noticed a Killer Klown
 69247 | Zot:5    | Killed a Killer Klown
 69252 | Zot:5    | Killed a Killer Klown
 69252 | Zot:5    | Noticed a Killer Klown
 69257 | Zot:5    | Noticed an orb of fire
 69262 | Zot:5    | Gained mutation: You are clumsy. (Dex -2) [an orb of fire]
 69263 | Zot:5    | Gained mutation: You occasionally lose the ability to read
                  | scrolls when taking damage. [an orb of fire]
 69274 | Zot:5    | Gained mutation: You sometimes lose the ability to read
                  | scrolls when taking damage. [an orb of fire]
 69277 | Zot:5    | Killed an orb of fire
 69290 | Zot:5    | Killed a Killer Klown
 69345 | Zot:5    | Noticed an ancient lich
 69352 | Zot:5    | Noticed an orb of fire
 69355 | Zot:5    | Killed an ancient lich
 69363 | Zot:5    | Gained mutation: You are frail. (-10% HP) [an orb of fire]
 69364 | Zot:5    | Noticed an ancient lich
 69372 | Zot:5    | Killed an orb of fire
 69396 | Zot:5    | Noticed an orb of fire
 69404 | Zot:5    | Killed an ancient lich
 69419 | Zot:5    | Gained mutation: Your body sometimes deteriorates upon
                  | taking damage. [an orb of fire]
 69422 | Zot:5    | Gained mutation: You are vulnerable to cold. (rC-) [an orb
                  | of fire]
 69428 | Zot:5    | Killed an orb of fire
 69435 | Zot:5    | Noticed a Killer Klown
 69436 | Zot:5    | Noticed an orb of fire
 69440 | Zot:5    | Gained mutation: Your muscles are strong. (Str +4, Int/Dex
                  | -1) [hidden potential]
 69440 | Zot:5    | Lost mutation: You have great hidden genetic potential.
                  | [hidden potential expressed]
 69454 | Zot:5    | a Killer Klown changed into a frost giant
 69458 | Zot:5    | Noticed a Killer Klown
 69518 | Zot:5    | Gained mutation: You do not regenerate when monsters are
                  | visible. [an orb of fire]
 69521 | Zot:5    | Gained mutation: You are dopey. (Int -2) [an orb of fire]
 69530 | Zot:5    | Killed an orb of fire
 69552 | Zot:5    | Killed a Killer Klown
 70268 | Zot:5    | Lost mutation: Your spells are a little easier to cast, but
                  | a little less powerful. [potion of mutation]
 70268 | Zot:5    | Lost mutation: You are vulnerable to cold. (rC-) [potion of
                  | mutation]
 70268 | Zot:5    | Lost mutation: You are frail. (-10% HP) [potion of
                  | mutation]
 70268 | Zot:5    | Lost mutation: You are resistant to electric shocks.
                  | (rElec) [potion of mutation]
 70268 | Zot:5    | Gained mutation: Your spells are a little easier to cast,
                  | but a little less powerful. [potion of mutation]
 70269 | Zot:5    | Lost mutation: Your spells are a little easier to cast, but
                  | a little less powerful. [potion of mutation]
 70269 | Zot:5    | Lost mutation: You have a pair of small antennae on your
                  | head. [potion of mutation]
 70269 | Zot:5    | Lost mutation: You are dopey. (Int -2) [potion of mutation]
 70269 | Zot:5    | Gained mutation: Your flesh is cold resistant. (rC+)
                  | [potion of mutation]
 70269 | Zot:5    | Lost mutation: Your flesh is cold resistant. (rC+) [potion
                  | of mutation]
 70269 | Zot:5    | Gained mutation: Your mind is acute. (Int +4, Str/Dex -1)
                  | [potion of mutation]
 70270 | Zot:5    | Lost mutation: Your mind is acute. (Int +4, Str/Dex -1)
                  | [potion of mutation]
 70270 | Zot:5    | Lost mutation: You have hidden genetic potential. [potion
                  | of mutation]
 70270 | Zot:5    | Lost mutation: You expend magic power (3 MP) to strengthen
                  | your wands. [potion of mutation]
 70270 | Zot:5    | Lost mutation: Armour fits poorly on your strangely shaped
                  | body. [potion of mutation]
 70270 | Zot:5    | Lost mutation: You are clumsy. (Dex -2) [potion of
                  | mutation]
 70270 | Zot:5    | Gained mutation: You have hidden genetic defects. [potion
                  | of mutation]
 70270 | Zot:5    | Gained mutation: You have a pair of small horns on your
                  | head. [potion of mutation]
 70271 | Zot:5    | Lost mutation: You sometimes lose the ability to read
                  | scrolls when taking damage. [potion of mutation]
 70271 | Zot:5    | Lost mutation: You have a pair of small horns on your head.
                  | [potion of mutation]
 70271 | Zot:5    | Lost mutation: You occasionally lose the ability to read
                  | scrolls when taking damage. [potion of mutation]
 70271 | Zot:5    | Gained mutation: You have sharp fingernails. [potion of
                  | mutation]
 70272 | Zot:5    | Lost mutation: You have hidden genetic defects. [potion of
                  | mutation]
 70272 | Zot:5    | Lost mutation: You do not regenerate when monsters are
                  | visible. [potion of mutation]
 70272 | Zot:5    | Gained mutation: Your system is resistant to poisons.
                  | (rPois) [potion of mutation]
 70272 | Zot:5    | Gained mutation: Your mind is acute. (Int +4, Str/Dex -1)
                  | [potion of mutation]
 70274 | Zot:5    | Got the Orb of Zot
 70456 | Depths:1 | Noticed a seraph
 70821 | D:$      | Escaped with the Orb!

Illustrated notes

Levels and vault maps discovered:
D:1:      dpeg_arrival_radiant, layout_basic, corexii_hall_statues_t
D:2:      layout_basic, uniq_terence
D:3:      kb_forest_paths, layout_loops_corners
D:4:      layout_basic, mainiacjoe_overflow_alcove_1, grunt_decor_one_mirror
D:5:      layout_cave_pools, minmay_temple_entry_glassed_door,
          uniq_crazy_yiuf_cottage, uniq_eustachio, uniq_duvessa
D:6:      layout_gridville, xom_redecorated
D:7:      layout_cave_pools, gup_ossuary_entry_pyramid, enter_bailey_5,
          nicolae_grassy_gnolls, uniq_menkaure, uniq_maggie
D:8:      layout_basic, uniq_maurice
D:9:      layout_loops_ring, due_lair_maze_entry_diamond, hiddenorc1_lemuel,
          nicolae_eternal_life
D:10:     layout_basic, minitemple, minmay_beelzebubs_servants, uniq_harold
D:11:     layout_basic, uniq_fannar
D:12:     layout_loops_corners, chequers_serial_rivers_small_b
D:13:     layout_irregular_city, erik_vaults_2, serial_shops, shop
D:14:     layout_loops_ring, old_standard_altar
D:15:     hangedman_depths_entry_try_elsewhere_first, layout_basic
Temple:   nicolae_temple_two_arcs
Lair:1:   layout_gridlike, st_stairs_11, serial_bayou_lagoon_b
Lair:2:   layout_roguey, dummy_snake_entry, nicolae_lair_run_with_the_wolves,
          serial_bayou_shore_b, serial_bayou_shore_b
Lair:3:   layout_cellular_growth, shoals_dummy_entry, beast_lair_carwin_9,
          uniq_amaemon
Lair:4:   layout_layer_cave, minmay_slime_entry_pillars, ice2_lemuel,
          serial_bayou_shore_a, serial_bayou_shore_b, uniq_sonja, uniq_urug,
          uniq_nessos
Lair:5:   hangedman_lair_caniforms_friends, layout_long_grid
Shoals:1: layout_shoals, hellmonk_ghost_happy_afterlife, serial_shops,
          bzr_in_the_mist
Shoals:2: layout_shoals, ebering_ghost_reflecting_pool
Shoals:3: layout_shoals, serial_shops, shop_coins
Shoals:4: shoals_end_simple, layout_shoals,
          nicolae_shoals_siren_and_animal_friends
Snake:1:  layout_rooms, grunt_megastairs_3, uniq_nikola
Snake:2:  layout_grid_maze, nicolae_snake_yet_another_twisty_hallway,
          uniq_saint_roka
Snake:3:  layout_layer_cave, serial_shops, nicolae_shop_trees,
          serial_bayou_pond_b
Snake:4:  snake_pit_salamanders_mu, layout_cave_town,
          nicolae_snake_scaly_snakehead, uniq_aizul, uniq_vashnia, uniq_kirke
Orc:1:    layout_caves, nicolae_volcano_entry_hallway
Orc:2:    st_orc_rangers, layout_diamond_mine, serial_shops,
          nicolae_shop_statue_plus, basic_altar, mines5_lemuel
Elf:1:    nicolae_elf_arrival_no_cutting_in_line, layout_rooms, serial_glass,
          glass_columns_b, glass_columns_a, feat_on_display, feat_on_display,
          item_on_display_b, hangedman_elven_crosses_minicolossus,
          lemuel_upstairs_altar
Elf:2:    nicolae_elf_blades_crystal_corner, layout_loops_corners,
          serial_sigils_hangedman_stare, uniq_asterion
Elf:3:    nooodl_elf_gasket, layout_loops_cross, serial_shops,
          nicolae_shop_advertising_works [nicolae_subvault_shop_adworks],
          nicolae_shop_statue_plus
Vaults:1: vaults_room_door_hall, vaults_room_pools, ontoclasm_vaults_ligature,
          v_misc_27, v_misc_15, nicolae_vaults_little_squares_3,
          ontoclasm_vaults_chip, layout_vaults_omnigrid
Vaults:2: nicolae_vaults_twisting_passages, hangedman_vaults_river_flow,
          hangedman_vaults_stream, vaults_standard_mumra_enter_the_diamond,
          v_misc_9, nicolae_vaults_little_squares_1,
          vaults_standard_mumra_enter_the_diamond, grunt_vaults_hallway_short,
          layout_vaults_omnicross
Vaults:3: vaults_dpeg_doors, v_rooms_6, nicolae_vaults_network_barrier,
          minmay_crypt_entry_simple_round, v_rooms_1, hangedman_vaults_stagger,
          vaults_standard_mumra_lines, v_pattern_2, vaults_mumra_bighexcomb,
          nicolae_vaults_shelves_hall, nicolae_vaults_diagonal_hallway_8,
          v_misc_13, nicolae_vaults_little_squares_5, nicolae_vaults_theta,
          layout_vaults_omnibox, serial_shops, nicolae_shop_trees, shop_statue,
          nicolae_shop_waterfront, shop
Vaults:4: v_pattern_1, st_squares, hangedman_vaults_stitches,
          vaults_room_ringed_pool, hangedman_vaults_restitches,
          vaults_standard_mumra_x, vaults_mumra_minichess,
          hangedman_vaults_impose, v_misc_9, vaults_dpeg_diagonal,
          grunt_vaults_hallway_short, vaults_room_semicircle,
          grunt_vaults_diagonal, layout_vaults_ring, uniq_zenata,
          uniq_bai_suzhen
Vaults:5
Depths:1: layout_honeycomb, enter_ziggurat_d, serial_shops,
          nicolae_shop_statue_plus, hangedman_abyss_or_decor_passed, hell_entry,
          grunt_ministairs_15, minmay_door_square, hangedman_decor_points,
          nicolae_uskayaw_suspiria, minmay_shop_grove
Depths:2: cheibrodos_hall_of_evolution, layout_honeycomb,
          pf_vacation_house_of_asmodeus, abyss_entry_flame_altar,
          grunt_pan_entry_spiral, ebering_ghost_rock_garden,
          infiniplex_staircase_star, uniq_enchantress, uniq_vv
Depths:3: minmay_swirls_squares, layout_honeycomb, minmay_misc_feat_alley,
          hell_entry, abyss_entry_crystal, elyvilon_altar_4
Depths:4: grunt_zot_entry_gee_three, layout_basic, serial_shops, shop,
          nicolae_shop_statue_plus, shop_coins, shop,
          nicolae_shop_hallway_stairs, nrook_mini_vaults, hangedman_coc_ice_floe
Zot:1:    kennysheep_bubbly, layout_basic, nicolae_transporter_circle
Zot:2:    layout_gridlike
Zot:3:    layout_misc_corridors
Zot:4:    layout_misc_corridors, st_stairs_7
Zot:5:    layout_misc_corridors

Skill      XL: |  1  2  3  4  5  6  7  8  9 10 11 12 13 14 15 16 17 18 19 20 21 22 23 24 25 |
---------------+----------------------------------------------------------------------------+-----
Polearms       | 3 4 5 6 7 8 10 12 | 12.0
Armour         | 1 2 3 4 6 7 8 9 10 11 13 14 15 17 21 | 21.0
Dodging        | 3 4 5 6 7 8 9 11 13 14 16 | 16.9
Fighting       | 4 5 6 7 8 9 10 12 13 15 16 17 19 21 22 | 22.4
Invocations    | 2 4 7 8 10 13 15 17 18 20 25 27 | 27.0
Shields        | 5 9 14 17 19 | 19.0
Stealth        | |  1.7

Action                     |  1- 3 |  4- 6 |  7- 9 | 10-12 | 13-15 | 16-18 | 19-21 | 22-24 | 25-27 || total
---------------------------+-------+-------+-------+-------+-------+-------+-------+-------+-------++-------
  Melee: Spear             |   156 |   237 |   336 |       |       |       |       |       |       ||   729
         Punch             |     2 |     1 |     7 |    11 |    15 |     2 |       |       |       ||    38
         Kick              |       |    22 |   119 |   195 |   402 |   624 |  1022 |  1043 |   190 ||  3617
         Lance             |       |       |    53 |   676 |  1436 |  2175 |  2182 |  2321 |   450 ||  9293
  Throw: Javelin           |       |     6 |     8 |     1 |       |       |       |       |       ||    15
         Dart              |       |       |    11 |    16 |     5 |       |     2 |     2 |       ||    36
 Invoke: Draw Destruction  |       |       |    11 |    28 |    79 |    60 |    63 |    35 |     9 ||   285
         Draw Summoning    |       |       |     7 |     2 |    10 |    17 |    14 |    16 |     4 ||    70
         Triple Draw       |       |       |     1 |       |       |       |       |     1 |       ||     2
         Stack Five        |       |       |       |       |     2 |       |       |       |       ||     2
         Draw Stack        |       |       |       |       |     5 |     1 |       |       |       ||     6
         Draw Escape       |       |       |       |       |       |     2 |     2 |     2 |       ||     6
         Deal Four         |       |       |       |       |       |       |       |     2 |       ||     2
Ability: Word of Chaos     |       |       |       |       |       |       |       |     1 |       ||     1
  Evoke: Wand              |       |       |     3 |     2 |     2 |     3 |       |     5 |     3 ||    18
         Condenser vane    |       |       |       |       |       |       |       |     1 |     1 ||     2
    Use: Potion            |     3 |     3 |     3 |       |     2 |     3 |     1 |     2 |    23 ||    40
         Scroll            |     3 |     8 |     3 |    10 |     9 |     2 |    14 |     8 |     6 ||    63
   Stab: Sleeping          |     3 |     6 |     1 |     5 |     7 |     5 |       |       |       ||    27
         Distracted        |       |       |     2 |     3 |     5 |     8 |     5 |     8 |     1 ||    32
         Petrified         |       |       |    14 |       |       |       |     3 |       |       ||    17
         Invisible         |       |       |       |       |       |     2 |       |     1 |     2 ||     5
         Petrifying        |       |       |       |       |       |       |     1 |       |       ||     1
         Confused          |       |       |       |       |       |       |       |     4 |       ||     4
 Armour: Robe              |    17 |       |       |       |       |       |       |       |       ||    17
         Leather armour    |     5 |    32 |       |       |       |       |       |       |       ||    37
         Ring mail         |       |     9 |   103 |       |       |       |       |       |       ||   112
         Steam dragon scal |       |       |     7 |   107 |   309 |   417 |     2 |       |       ||   842
         Gold dragon scale |       |       |       |       |       |       |   696 |   540 |    90 ||  1326
  Dodge: Dodged            |    90 |   122 |   295 |   407 |   899 |  1187 |   679 |   543 |    90 ||  4312
         Repelled          |       |       |       |     1 |    26 |    66 |    17 |    36 |     8 ||   154
  Block: Kite shield       |       |       |       |       |       |   879 |   960 |  1048 |   178 ||  3065

Table legend: (Time is in decaauts)
 A = Elapsed time spent in this place.
 B = Non-inter-level travel time spent in this place.
 C = Inter-level travel time spent in this place.
 D = Time resting spent in this place.
 E = Time spent auto-exploring this place.
 F = Levels seen in this place.
 G = Mean time per level.
                   A        B        C        D        E       F      G
               +--------+--------+--------+--------+--------+-----+--------+
         Total |  67352 |  62806 |   4546 |  11750 |  36435 |  53 | 1270.8 |
       Dungeon |  17026 |  15100 |   1926 |   1858 |   9897 |  15 | 1135.1 |
        Temple |    136 |    136 |      0 |      0 |    106 |   1 |  136.0 |
          Lair |   7054 |   6478 |    576 |    980 |   4307 |   5 | 1410.8 |
        Shoals |   6582 |   6305 |    277 |   1484 |   3327 |   4 | 1645.5 |
     Snake Pit |   7051 |   6760 |    291 |   1356 |   4090 |   4 | 1762.8 |
  Orcish Mines |   1256 |   1132 |    124 |      0 |    825 |   2 |  628.0 |
   Elven Halls |   4743 |   4594 |    149 |   1223 |   2340 |   3 | 1581.0 |
        Vaults |   8885 |   8278 |    607 |    983 |   5214 |   5 | 1777.0 |
        Depths |   6628 |   6116 |    512 |   1137 |   3833 |   4 | 1657.0 |
           Zot |   4812 |   4732 |     80 |   2549 |    934 |   5 |  962.4 |
         Abyss |   2571 |   2571 |      0 |     30 |   1329 |   3 |  857.0 |
        Bazaar |    113 |    113 |      0 |      0 |     93 |   1 |  113.0 |
       Volcano |    491 |    491 |      0 |    148 |    137 |   1 |  491.0 |
               +--------+--------+--------+--------+--------+-----+--------+

Top non-repeatable levels by time:
 Snake:4: 2975 daAuts
   Zot:5: 2675 daAuts
   Elf:3: 2448 daAuts
Shoals:4: 2117 daAuts
Depths:3: 2106 daAuts
Vaults:4: 2082 daAuts
Vaults:2: 2052 daAuts
     D:2: 2043 daAuts
Shoals:3: 1954 daAuts
Vaults:3: 1897 daAuts
 Snake:3: 1856 daAuts
  Lair:2: 1779 daAuts
Depths:1: 1755 daAuts
Depths:4: 1677 daAuts
     D:6: 1667 daAuts
